 Dungeon Crawl Stone Soup version 0.31-a0-1074-g0b22e4e0f1 (webtiles) character file.

Game seed: 10346792527663523689

1327 Pooter the Cleaver (level 8, 0/70 HPs)
             Began as a Minotaur Berserker on Dec 2, 2023.
             Was a Priest of Trog.
             Slain by an ogre
             ... wielding a +0 giant spiked club
              (6 damage)
             ... on level 6 of the Dungeon.
             The game lasted 00:16:00 (3977 turns).

Pooter the Cleaver (Minotaur Berserker)             Turns: 3977, Time: 00:16:01

Health: 0/70       AC:  8    Str: 24    XL:     8   Next: 34%
Magic:  7/7        EV: 15    Int:  4    God:    Trog [***...]
Gold:   311        SH:  0    Dex: 10    Spells: 7/7 levels left

rFire   + . .        a - +3 war axe
rCold   . . .        (no shield)
rNeg    . . .        g - +1 scale mail {rF+}
rPois   .            (helmet restricted)
rElec   .            t - +0 cloak
rCorr   .            (no gloves)
SInv    .            (no boots)
Will    .....        (no amulet) Stlth
                     e - +5 ring of evasion
HPRegen 0.31/turn    (no ring)
MPRegen 0.10/turn

%: no passive effects
@: on berserk cooldown, slowed, very slow
A: horns 2, retaliatory headbutt
a: Renounce Religion, Berserk, Trog's Hand


You were on level 6 of the Dungeon.
You worshipped Trog.
Trog was most pleased with you.
You visited 1 branch of the dungeon, and saw 6 of its levels.

You collected 311 gold pieces.

Inventory:

Hand Weapons
 a - a +3 war axe (weapon)
   (You took it off an orc on level 5 of the Dungeon)
 b - a +0 orcbow
   (You took it off a centaur on level 5 of the Dungeon)
 s - a +0 sling
   (You found it on level 1 of the Dungeon)
 w - a +0 trident
   (You took it off an orc on level 4 of the Dungeon)
 y - a +1 heavy hand axe
   (You found it on level 1 of the Dungeon)
Missiles
 q - 7 poisoned darts
 A - 6 silver javelins
 B - a boomerang
 Q - 54 stones (quivered)
Armour
 g - a +1 scale mail of fire resistance (worn)
   (You found it on level 1 of the Dungeon)
 t - a +0 cloak (worn)
   (You found it on level 4 of the Dungeon)
Jewellery
 e - a +5 ring of evasion (left hand)
   (You found it on level 1 of the Dungeon)
Wands
 f - a wand of flame (4)
   (You found it on level 4 of the Dungeon)
 x - a wand of mindburst (16)
   (You found it on level 2 of the Dungeon)
Scrolls
 d - 3 scrolls of noise {!r}
 i - a scroll of revelation {unknown}
 j - 2 scrolls of immolation {!r}
 k - 4 scrolls of teleportation {unknown}
 l - a scroll of fog
 m - 3 scrolls of fear {unknown}
 o - a scroll of blinking
Potions
 c - a potion of attraction {!q}
 h - 2 potions of berserk rage {unknown}
 n - a potion of enlightenment {unknown}
 p - a potion of mutation {unknown}
 r - a potion of might {unknown}
 u - 2 potions of haste {unknown}
 v - a potion of cancellation {unknown}
 z - a potion of brilliance {unknown}


   Skills:
 + Level 6.2 Fighting
 * Level 8.3 Axes
 * Level 5.6 Ranged Weapons
 - Level 2.4 Armour
 - Level 2.1 Dodging
 - Level 0.6 Stealth
 + Level 3.4 Evocations


You had 7 spell levels left.
You didn't know any spells.
Your spell library was empty.

Dungeon Overview and Level Annotations

Branches:
Dungeon (6/15) Zot: 26930
 Temple: D:4-7

Altars:
Dithmenos
Fedhas
Makhleb
Ru
Sif Muna


Innate Abilities, Weirdness & Mutations

You have a pair of horns on your head.
You reflexively headbutt those who attack you in melee.


Message History

You barely miss the wight. The wight barely misses you.
The wight hits you with a +0 dagger.
You feel drained.
You hit the wight but do no damage. The wight hits you with a +0 dagger.
You hit the wight. The wight barely misses you.
The shadow imp barely misses you. You furiously retaliate!
You headbutt the shadow imp. The wight misses you.
You closely miss the shadow imp. You slash the wight!
You hear the slow rusting of a very distant drain.
The wight completely misses you. The shadow imp hits you.
A black bear comes into view.
The shadow imp closely misses you. The wight completely misses you.
The black bear growls angrily.
You slash the wight!
You destroy the wight!
Trog accepts your kill.
You barely miss the shadow imp.
The shadow imp hits you but does no damage.
Your life force feels restored.
You slash the shadow imp!
You kill the shadow imp!
Trog accepts your kill. The black bear closely misses you.
The black bear completely misses you. The black bear closely misses you.
The black bear bites you but does no damage.
The black bear claws you. x2
You slash the black bear!
The black bear bites you but does no damage.
The black bear closely misses you.
The black bear claws you but does no damage.
You slash the black bear! Your headbutt misses the black bear.
The black bear bites you but does no damage.
The black bear closely misses you. The black bear completely misses you.
An ogre comes into view. It is wielding a +0 giant spiked club.
The black bear closely misses you. The black bear barely misses you.
The black bear claws you but does no damage.
The ogre shouts!
You slash the black bear!
You kill the black bear!
Trog accepts your kill.
You see here a black bear corpse.
You hit the ogre but do no damage.
The ogre hits you with a +0 giant spiked club!!
* * * LOW HITPOINT WARNING * * *
You slash the ogre! Your headbutt misses the ogre. The ogre misses you.
You completely miss the ogre.
The ogre hits you with a +0 giant spiked club!!
* * * LOW HITPOINT WARNING * * *
You closely miss the ogre.
The ogre hits you with a +0 giant spiked club.
You die...

#.........:#
#..........# . .
#..........## .5..
#...........#
.....######......<....#
z......<..............#
zz.........##########.#
............)..)......#
#####...O@....#########
#........)).......
#...#.......######
....#..........
.....#.....#####
#..#... #..##### ...


You could see an ogre.

Vanquished Creatures
  A black bear (D:6)
  An ice beast (D:5)
  2 centaurs
  An ogre (D:3)
  A scorpion (D:5)
  5 wights (D:6)
  A jelly (D:5)
  2 orc priests (D:3)
  4 iguanas
  2 orc wizards
  A sleepcap (D:4)
  9 adders
  A shadow imp (D:6)
  A white imp (D:5)
  2 ufetubi (D:5)
  3 worms
  16 orcs
  6 endoplasms
  4 giant cockroaches
  5 hobgoblins
  5 jackals
  5 kobolds
  3 quokkas
  4 ball pythons
  8 bats
  2 frilled lizards
  10 goblins
  6 rats
111 creatures vanquished.

Vanquished Creatures (others)
  The ghost of RabbitInGlasses the Gusty, an amateur DrAE of Vehumet (D:4)
  A rat (D:4)
2 creatures vanquished.

Grand Total: 113 creatures vanquished

Notes
Turn   | Place    | Note
-------+----------+-------------------------------------------
     0 | D:1      | Pooter the Minotaur Berserker began the quest for the Orb.
     0 | D:1      | Reached XP level 1. HP: 19/19 MP: 0/0
   262 | D:1      | Reached XP level 2. HP: 27/27 MP: 1/1
   263 | D:1      | Reached skill level 4 in Axes
   724 | D:2      | Reached ** piety under Trog
   725 | D:2      | Reached XP level 3. HP: 33/33 MP: 2/2
   737 | D:2      | Reached skill level 1 in Ranged Weapons
   975 | D:2      | Found a faded altar of an unknown god.
  1141 | D:2      | Reached XP level 4. HP: 40/40 MP: 3/3
  1523 | D:3      | Noticed an ogre
  1530 | D:3      | Killed an ogre
  1531 | D:3      | Reached skill level 5 in Axes
  1531 | D:3      | Reached skill level 1 in Evocations
  1531 | D:3      | Reached XP level 5. HP: 26/47 MP: 4/4
  1791 | D:3      | Reached XP level 6. HP: 53/55 MP: 5/5
  1977 | D:3      | Reached skill level 6 in Axes
  2013 | D:3      | Found a shadowy altar of Dithmenos.
  2157 | D:3      | Found a burning altar of Makhleb.
  2378 | D:4      | Reached skill level 5 in Fighting
  2537 | D:4      | Found a sacrificial altar of Ru.
  2680 | D:4      | Reached *** piety under Trog
  2837 | D:4      | Found a runed translucent door.
  2844 | D:4      | Noticed RabbitInGlasses's ghost (amateur DrAE)
  2857 | D:4      | Killed RabbitInGlasses's ghost
  2858 | D:4      | Reached XP level 7. HP: 61/61 MP: 6/6
  2895 | D:4      | Found a runed translucent door.
  2943 | D:5      | Entered Level 5 of the Dungeon
  3051 | D:5      | Reached skill level 7 in Axes
  3787 | D:5      | Found a shimmering blue altar of Sif Muna.
  3787 | D:5      | Found a blossoming altar of Fedhas.
  3952 | D:6      | Reached XP level 8. HP: 70/70 MP: 7/7
  3956 | D:6      | Reached skill level 5 in Ranged Weapons
  3959 | D:6      | Reached skill level 8 in Axes
  3977 | D:6      | Slain by an ogre

Illustrated notes

Levels and vault maps discovered:
D:1:      psy_arrival_spokes, layout_rooms
D:2:      layout_loops_corners, dilly_ecumenical_altar_fadedgnrine,
          minmay_indecisive_spiral
D:3:      layout_basic, grunt_dithmenos_smoke, lemuel_doored_altar,
          grunt_decor_cap
D:4:      layout_cave_pools, old_standard_altar, ebering_ghost_sewer_f,
          serial_bayou_lagoon_a
D:5:      layout_loops_ring, gammafunk_temple_overflow_elements
D:6:      layout_basic, mainiacjoe_overflow_alcove_4, gup_sewer_entry_bubbles,
          minmay_unpleasant_kobolds

Skill      XL: |  1  2  3  4  5  6  7  8 |
---------------+-------------------------+-----
Axes           | 4 5 6 7 8 |  8.3
Fighting       | 4 5 6 |  6.2
Ranged Weapons | 1 2 3 4 5 |  5.6
Evocations     | 1 2 3 |  3.4
Armour         | |  2.4
Dodging        | |  2.1
Stealth        | |  0.6

Action                     |  1- 3 |  4- 6 |  7- 9 || total
---------------------------+-------+-------+-------++-------
  Melee: Hand axe          |    40 |    51 |    15 ||   106
         Headbutt          |     3 |     2 |    10 ||    15
         Punch             |       |     2 |       ||     2
         War axe           |       |       |    56 ||    56
   Fire: Sling             |    29 |    47 |       ||    76
         Shortbow          |       |    25 |    12 ||    37
         Orcbow            |       |       |     9 ||     9
 Invoke: Berserk           |     1 |     2 |     1 ||     4
         Trog's Hand       |       |     2 |     1 ||     3
    Use: Scroll            |     2 |       |     3 ||     5
 Armour: Animal skin       |    10 |       |       ||    10
         Scale mail        |    12 |    43 |    52 ||   107
  Dodge: Dodged            |    35 |    60 |    61 ||   156

Table legend: (Time is in decaauts)
 A = Elapsed time spent in this place.
 B = Non-inter-level travel time spent in this place.
 C = Inter-level travel time spent in this place.
 D = Time resting spent in this place.
 E = Time spent auto-exploring this place.
 F = Levels seen in this place.
 G = Mean time per level.
                   A        B        C        D        E       F      G
               +--------+--------+--------+--------+--------+-----+--------+
         Total |   4099 |   3952 |    147 |    556 |   2582 |   6 |  683.2 |
       Dungeon |   4099 |   3952 |    147 |    556 |   2582 |   6 |  683.2 |
               +--------+--------+--------+--------+--------+-----+--------+

Top non-repeatable levels by time:
     D:5: 1007 daAuts
     D:2: 967 daAuts
     D:3: 773 daAuts
     D:4: 726 daAuts
     D:1: 577 daAuts
     D:6: 46 daAuts
